[Event "28th CRO-chT 1B-Men 2019"]
[Site "Mali Losinj"]
[Date "2019.10.06"]
[Round "9.24"]
[White "Brnas, Augustin"]
[Black "Tomasic, Roland"]
[Result "0-1"]
[ECO "B83"]
[WhiteElo "2200"]
[BlackElo "2111"]
[Annotator "ChessBase"]
[PlyCount "88"]
[EventDate "2019.09.28"]
[EventType "team-tourn"]
[EventCountry "CRO"]
[SourceTitle "playchess.com"]
[Source "ChessBase"]
[SourceQuality "1"]
[TimeControl "40/5400+30:1800+30"]

1. e4 c5 2. Nf3 d6 3. d4 cxd4 4. Nxd4 Nf6 5. Nc3 e6 6. Be2 Nc6 7. Be3 Be7 8. Qd2 a6 9. f3 Qc7 10. O-O O-O 11. Kh1 b5 12. a3 Ne5 13. b3 Bb7 14. Bd1 Rac8 15. Nde2 d5 16. exd5 Nxd5 17. Nxd5 Bxd5 18. Nf4 Bb7 19. Qf2 Ng6 20. Nd3 Bh4 21. Qg1 Bf6 22. Ra2 Be7 23. Be2 e5 24. Nb4 Qc3 25. Nd3 Rfd8 26. Rd1 e4 27. fxe4 Bxe4 28. Bd2 Qc6 29. Ne1 Nh4 30. c4 Rd6 31. cxb5 Qa8 32. Be3 Rxd1 33. Bxd1 axb5 34. Qf2 Rc6 35. a4 Rf6 36. Qe2 Qd5 37. Rd2 Qf5 38. Kg1 h6 39. Qxb5 Qe6 40. Rd4 Nf5 41. Bg4 Bc6 42. Qb8+ Kh7 43. Bf2 Bc5 44. Nf3 Bxf3 0-1

[Event "28th CRO-chT 1B-Men 2019"]
[Site "Mali Losinj"]
[Date "2019.10.06"]
[Round "9.25"]
[White "Vavulin, Maxim"]
[Black "Ivic, Velimir"]
[Result "1-0"]
[ECO "B90"]
[WhiteElo "2550"]
[BlackElo "2525"]
[Annotator "ChessBase"]
[PlyCount "83"]
[EventDate "2019.09.28"]
[EventType "team-tourn"]
[EventCountry "CRO"]
[SourceTitle "playchess.com"]
[Source "ChessBase"]
[SourceQuality "1"]
[TimeControl "40/5400+30:1800+30"]

1. e4 c5 2. Nf3 d6 3. d4 cxd4 4. Nxd4 Nf6 5. Nc3 a6 6. Nb3 g6 7. Be2 Bg7 8. Be3 Nc6 9. Nd5 Nd7 10. Bg4 O-O 11. Bxd7 Bxd7 12. Bb6 Qc8 13. Bd4 Bxd4 14. Nxd4 Qd8 15. Qd2 Rc8 16. O-O-O Nxd4 17. Qxd4 Be6 18. Rhe1 b5 19. Kb1 Rc4 20. Qa7 Bxd5 21. exd5 Qc8 22. Rd2 Rc7 23. Qb6 Qb7 24. Qe3 Qc8 25. Qg5 Re8 26. Re3 e5 27. dxe6 Rxe6 28. Rxe6 Qxe6 29. Qd8+ Kg7 30. Qxd6 Qe1+ 31. Rd1 Qe2 32. Qd2 Qe7 33. Qd4+ f6 34. Qd6 Qf7 35. b3 Ra7 36. Rd3 a5 37. Qd5 Qe7 38. Re3 Qb4 39. Re4 Qc3 40. Qxb5 Rc7 41. Qd3 Qc6 42. Rc4 1-0

[Event "28th CRO-chT 1B-Men 2019"]
[Site "Mali Losinj"]
[Date "2019.10.06"]
[Round "9.26"]
[White "Doric, Darko"]
[Black "Tratar, Marko"]
[Result "1/2-1/2"]
[ECO "D35"]
[WhiteElo "2476"]
[BlackElo "2461"]
[Annotator "ChessBase"]
[PlyCount "20"]
[EventDate "2019.09.28"]
[EventType "team-tourn"]
[EventCountry "CRO"]
[SourceTitle "playchess.com"]
[Source "ChessBase"]
[SourceQuality "1"]
[TimeControl "40/5400+30:1800+30"]

1. d4 d5 2. c4 e6 3. cxd5 exd5 4. Nc3 Nf6 5. Bg5 Be7 6. e3 Nbd7 7. Nf3 O-O 8. Be2 c6 9. O-O Re8 10. a3 a5 1/2-1/2

[Event "28th CRO-chT 1B-Men 2019"]
[Site "Mali Losinj"]
[Date "2019.10.06"]
[Round "9.27"]
[White "Fercec, Nenad"]
[Black "Plenkovic, Zdenko"]
[Result "1/2-1/2"]
[ECO "B31"]
[WhiteElo "2445"]
[BlackElo "2368"]
[Annotator "ChessBase"]
[PlyCount "88"]
[EventDate "2019.09.28"]
[EventType "team-tourn"]
[EventCountry "CRO"]
[SourceTitle "playchess.com"]
[Source "ChessBase"]
[SourceQuality "1"]
[TimeControl "40/5400+30:1800+30"]

1. e4 c5 2. Nf3 Nc6 3. Bb5 g6 4. c3 Bg7 5. d4 cxd4 6. cxd4 Nf6 7. Nc3 d5 8. Ne5 O-O 9. Nxc6 bxc6 10. Bxc6 Rb8 11. e5 Ne4 12. O-O Nxc3 13. bxc3 Qc7 14. Bxd5 Qxc3 15. Be3 Rd8 16. Qf3 e6 17. Rac1 Qa3 18. Rc7 Rd7 19. Rxd7 Bxd7 20. Bc4 a5 21. h4 Qb4 22. Rc1 Rc8 23. Bf1 Rxc1 24. Bxc1 Bf8 25. Qa8 Kg7 26. a3 Qe7 27. g3 a4 28. Bg2 Bb5 29. Bc6 Bxc6 30. Qxc6 Qa7 31. Be3 Qb8 32. Qxa4 Qb2 33. Qd1 Qxa3 34. d5 exd5 35. Qxd5 Qe7 36. Bg5 Qe8 37. h5 Kg8 38. Bf6 Qc8 39. Qf3 Qe8 40. Qf4 Qc8 41. Kh2 Qc5 42. Qf3 Qc8 43. Kg2 Qe8 44. Qe4 Qc8 1/2-1/2

[Event "28th CRO-chT 1B-Men 2019"]
[Site "Mali Losinj"]
[Date "2019.10.06"]
[Round "9.28"]
[White "Muha, Miljenko"]
[Black "Zufic, Miroslav"]
[Result "1/2-1/2"]
[ECO "E92"]
[WhiteElo "2322"]
[BlackElo "2367"]
[Annotator "ChessBase"]
[PlyCount "80"]
[EventDate "2019.09.28"]
[EventType "team-tourn"]
[EventCountry "CRO"]
[SourceTitle "playchess.com"]
[Source "ChessBase"]
[SourceQuality "1"]
[TimeControl "40/5400+30:1800+30"]

1. d4 Nf6 2. c4 g6 3. Nc3 Bg7 4. e4 d6 5. Be2 O-O 6. Nf3 e5 7. d5 a5 8. Bg5 h6 9. Bh4 Na6 10. Nd2 Qe8 11. O-O h5 12. f3 Bd7 13. Kh1 Nh7 14. Nb3 b6 15. Nc1 Bf6 16. Bxf6 Nxf6 17. Qd2 Kg7 18. b3 Qe7 19. a3 h4 20. Rb1 Nh5 21. Kg1 Nf4 22. Nd3 Nxe2+ 23. Nxe2 Nc5 24. Nf2 a4 25. b4 Nb3 26. Qe3 b5 27. cxb5 Bxb5 28. Rfd1 f5 29. exf5 gxf5 30. f4 Rae8 31. Nc3 Bd7 32. fxe5 dxe5 33. d6 cxd6 34. Qb6 Nd4 35. Nd5 Qg5 36. Rxd4 exd4 37. Qxd4+ Kh7 38. Nh3 Qh6 39. b5 Re4 40. Qc3 Be6 1/2-1/2

[Event "28th CRO-chT 1B-Men 2019"]
[Site "Mali Losinj"]
[Date "2019.10.06"]
[Round "9.29"]
[White "Franic, Milan"]
[Black "Rade, Miroslav"]
[Result "1/2-1/2"]
[ECO "D85"]
[WhiteElo "2366"]
[BlackElo "2390"]
[Annotator "ChessBase"]
[PlyCount "46"]
[EventDate "2019.09.28"]
[EventType "team-tourn"]
[EventCountry "CRO"]
[SourceTitle "playchess.com"]
[Source "ChessBase"]
[SourceQuality "1"]
[TimeControl "40/5400+30:1800+30"]

1. d4 Nf6 2. c4 g6 3. Nc3 d5 4. Nf3 Bg7 5. cxd5 Nxd5 6. e4 Nxc3 7. bxc3 c5 8. Bb5+ Nc6 9. O-O O-O 10. Be3 Bg4 11. Bxc6 bxc6 12. Rc1 Qa5 13. Qe2 Rfd8 14. Rfd1 Bxf3 15. gxf3 cxd4 16. cxd4 Bxd4 17. Bxd4 Rxd4 18. Rxc6 Rxd1+ 19. Qxd1 Rd8 20. Qa1 Qg5+ 21. Kh1 Qb5 22. Rc2 f6 23. Qc1 Kf7 1/2-1/2